 Dungeon Crawl Stone Soup version 0.19-a0-1861-g35def1e (webtiles) character file.

329 Amnesiac the Covert (level 6, -1/34 HPs)
             Began as a Deep Elf Assassin on Oct 12, 2016.
             Slain by a goblin (6 damage)
             ... led by Robin
             ... on level 4 of the Dungeon.
             The game lasted 00:06:42 (2822 turns).

Amnesiac the Covert (Deep Elf Assassin)             Turns: 2822, Time: 00:06:43

Health: -1/34      AC:  3    Str:  8    XL:     6   Next: 25%
Magic:  8/8        EV: 12    Int: 16    God:
Gold:   179        SH:  0    Dex: 18    Spells: 0 memorised, 5 levels left

rFire  . . .     SeeInvis .     a - +2 dagger
rCold  . . .     Gourm    .     c - +0 robe
rNeg   . . .     Faith    .     (no shield)
rPois  .         Spirit   .     (no helmet)
rElec  .         Dismiss  .     d - +0 cloak
rCorr  .         Reflect  .     (no gloves)
MR     .....     Harm     .     (no boots)
Stlth  ++++......               (no amulet)
                                (no ring)
                                (no ring)

@: no status effects
A: no striking features
a: no special abilities


You were on level 4 of the Dungeon.
You were very hungry.

You visited 1 branch of the dungeon, and saw 5 of its levels.

You collected 179 gold pieces.

Inventory:

Hand Weapons
 a - a +2 dagger (weapon)
 b - a +0 blowgun
Missiles
 e - 8 poisoned needles
 f - 2 curare-tipped needles
 y - 7 needles of confusion
Armour
 c - a +0 robe (worn)
 d - a +0 cloak (worn)
 t - a +0 buckler
Jewellery
 h - an uncursed ring of fire {unknown}
Wands
 k - a wand of disintegration (13/24)
 x - a wand of acid (4/15)
Scrolls
 i - 2 scrolls of blinking
 m - 2 scrolls of remove curse
Potions
 j - a potion of magic {unknown}
 l - a potion of degeneration {unknown}
 n - a potion of might {unknown}
 r - 2 potions of flight {unknown}
 u - a potion of heal wounds {unknown}
 A - a potion of beneficial mutation {unknown}
Comestibles
 g - 6 bread rations


   Skills:
 - Level 1.5 Fighting
 + Level 3.3 Short Blades
 + Level 3.3 Throwing
 - Level 1.2 Dodging
 - Level 8.2 Stealth


You had 5 spell levels left.
You didn't know any spells.

Dungeon Overview and Level Annotations

Branches:
Dungeon (5/15)
 Temple: D:4-7

Altars:
Dithmenos
Ru
The Shining One

Annotations:
D:3 Robin


Message History

The goblin closely misses you.
A goblin comes into view. It is wielding a club.
A goblin comes into view.
Robin roars a battlecry!
The hobgoblin goes into a battle-frenzy!
The crimson imp barely misses you.
The goblin shouts!
The crimson imp closely misses you.
A hobgoblin comes into view.
Robin throws the goblin at you! The goblin hits you.
* * * LOW HITPOINT WARNING * * *
There is a stone staircase leading down here.
The goblin wields a hunting sling.
The goblin shoots a stone.
The stone hits you but does no damage. The goblin hits you.
* * * LOW HITPOINT WARNING * * *
The crimson imp blinks!
You climb downwards.
There is a stone staircase leading up here.
You barely miss the goblin. The goblin hits you.
You die...

......# ##..#
......#
#.>#########
......#
##.#.......#
..#####
#.#.#####.# ..#
#.#.....#.# ..#
######.#..##.#.#
..#
#......#.....#.#
..#
#.######...g.#.#
..#
#.##......@..#.#
..#
#.##.####.####.#
..#####....#
#......#
..........##
#.######
..........# #.#
..........# ###
..........#
..........#
..........#


You could see a goblin.

Vanquished Creatures
  An ogre (D:4)
  A scorpion (D:5)
  A water moccasin skeleton (D:5)
  A hound (D:4)
  An orc wizard (D:3)
  A worker ant (D:4)
  A gnoll (D:5)
  2 adders
  An adder skeleton (D:4)
  2 dart slugs
  2 orcs
  3 ball pythons
  4 bats
  3 goblins
  3 hobgoblins
  A jackal (D:3)
  3 frilled lizards
  A kobold (D:2)
  A leopard gecko skeleton (D:4)
  2 rats
35 creatures vanquished.

Notes
Turn   | Place    | Note
-------+----------+-------------------------------------------
     0 | D:1      | Amnesiac the Deep Elf Assassin began the quest for the Orb.
     0 | D:1      | Reached XP level 1. HP: 12/12 MP: 3/3
    78 | D:1      | Reached XP level 2. HP: 9/16 MP: 4/4
   238 | D:2      | Reached skill level 5 in Stealth
   333 | D:3      | Noticed Robin
   625 | D:3      | Found a sacrificial altar of Ru.
   652 | D:3      | Reached XP level 3. HP: 9/20 MP: 5/5
   864 | D:4      | Reached XP level 4. HP: 17/25 MP: 6/6
   880 | D:4      | Reached skill level 6 in Stealth
  1152 | D:4      | Found a shadowy altar of Dithmenos.
  1223 | D:4      | Noticed an ogre
  1232 | D:4      | Killed an ogre
  1232 | D:4      | Reached skill level 7 in Stealth
  1232 | D:4      | Reached XP level 5. HP: 29/29 MP: 7/7
  1699 | D:4      | Found a glowing golden altar of the Shining One.
  1913 | D:5      | Entered Level 5 of the Dungeon
  1913 | D:5      | Noticed an ogre
  1914 | D:5      | Noticed a centaur
  2196 | D:5      | Reached skill level 8 in Stealth
  2196 | D:5      | Reached XP level 6. HP: 34/34 MP: 8/8
  2822 | D:4      | Slain by a goblin

Vault maps used:
D:1:      matt_arrival_spirals, hex_medium
D:2:      minmay_diamond_boxcup
D:3:      first_bread, nicolae_ru_great_annihilating_truth, uniq_robin
D:4:      kennysheep_spiral_hall, tso_altar,
          nicolae_dithmenos_through_a_glass_darkly
D:5:      basic_altar

Skill      XL: |  1  2  3  4  5 |
---------------+----------------+-----
Stealth        | 5 7 8 |  8.2
Short Blades   | 3 |  3.3
Throwing       | 3 |  3.3
Fighting       | |  1.5
Dodging        | |  1.2

Action                   |  1- 3 |  4- 6 || total
-------------------------+-------+-------++-------
Melee: Dagger            |    81 |    89 ||   170
 Fire: Blowgun           |     4 |     5 ||     9
  Use: Scroll            |       |     8 ||     8
       Potion            |       |     3 ||     3
 Stab: Sleeping          |     7 |     4 ||    11
       Paralysed         |     1 |       ||     1
  Eat: Chunk             |       |     5 ||     5
Armor: Robe              |    26 |    15 ||    41
Dodge: Dodged            |    49 |    50 ||    99
